 Dungeon Crawl Stone Soup version 0.27-a0-1308-gc08437e49b (webtiles) character file.

Game seed: 325293612197034029

1505 Rohain the Zephyrmancer (level 8, -19/41 HPs)
             Began as a Tengu Air Elementalist on June 18, 2021.
             Killed from afar by Ijyb (23 damage)
             ... with a bolt of acid
             ... on level 5 of the Dungeon.
             The game lasted 00:07:44 (6472 turns).

Rohain the Zephyrmancer (Tengu Air Elementalist)    Turns: 6472, Time: 00:07:45

Health: -19/41     AC: -1    Str:  9    XL:     8   Next: 82%
Magic:  14/16      EV: 17    Int: 18    God:
Gold:   230        SH:  0    Dex: 14    Spells: 14/17 levels left

rFire    . . .     SeeInvis .   j - +1 short sword (freeze)
rCold    + . .     Faith    .   (no shield)
rNeg     + . .     Spirit   .   a - +1 robe
rPois    .         Reflect  .   (helmet restricted)
rElec    .         Harm     .   (no cloak)
rCorr    .         Rampage  .   (no gloves)
Will     .....                  (boots unavailable)
Stlth    ++........             (no amulet)
HPRegen  0.13/turn              h - ring of positive energy
MPRegen  0.15/turn              b - ring of protection from cold

@: about to teleport, corroded, flying quickly and evasively, quick
A: beak, talons 3, nimble flight
a: no special abilities


You were on level 5 of the Dungeon.
You visited 1 branch of the dungeon, and saw 5 of its levels.

You collected 230 gold pieces.

Inventory:

Hand Weapons
 j - a +1 short sword of freezing (weapon)
 n - a +2 rapier of draining
Armour
 a - a +1 robe (worn)
 i - a +0 helmet
Jewellery
 b - a ring of protection from cold (right hand)
 h - a ring of positive energy (left hand)
Scrolls
 f - 2 scrolls of identify
Potions
 d - 2 potions of degeneration
 e - a potion of brilliance {unknown}
 g - a potion of berserk rage
 k - 2 potions of curing
 l - a potion of heal wounds {unknown}
 m - a potion of magic {unknown}


   Skills:
 + Level 6.2 Dodging
 - Level 2.0 Stealth
 + Level 5.2 Spellcasting
 + Level 7.0 Conjurations
 + Level 8.0 Air Magic


You had 14 spell levels left.
You knew the following spells:

 Your Spells              Type           Power      Damage    Failure   Level
a - Shock                 Conj/Air       100%       1d9       1%          1
b - Static Discharge      Conj/Air       31%        N/A       1%          2

Your spell library contained the following spells:

 Spells                   Type           Power      Damage    Failure   Level
 Swiftness                Air            33%        N/A       1%          3
 Airstrike                Air            16%        N/A       4%          4
 Lightning Bolt           Conj/Air       15%        1d29      16%         5
 Silence                  Hex/Air        9%         N/A       56%         5
 Cause Fear               Hex            2%         N/A       78%         4
 Yara's Violent Unravell  Hex/Tmut       2%         3d3       98%         5
 Discord                  Hex            2%         N/A       100%        8


Dungeon Overview and Level Annotations

Branches:
Dungeon (5/15)
 Temple: D:4-7

Altars:

Shops:
D:1 (

Annotations:
D:3 1 runed translucent door, Crazy Yiuf
D:5 Ijyb


Innate Abilities, Weirdness & Mutations

You have a beak for a mouth.
You have claws for feet.
Your magical nature lets you fly swiftly and evasively.


Message History

The white imp misses you.
Casting: Shock (safe; 1% risk of failure)
Confirm with . or Enter, or press ? or * to list all spells.
You don't have enough magic to cast this spell.
Casting: Shock (safe; 1% risk of failure)
Confirm with . or Enter, or press ? or * to list all spells.
Aiming: Shock (safe; 1% risk of failure)
Press: ? - help, Shift-Dir - straight line, f - white imp
Aim: a white imp (severely wounded, summoned, 74% to hit)
The zap hits the white imp but does no damage.
The white imp is severely wounded.
The zap hits Eustachio.
You kill Eustachio!
The shadow imp disappears in a puff of smoke!
The iron imp disappears in a puff of smoke!
The white imp disappears in a puff of smoke!
Your Conjurations skill increases to level 7!
Your Air Magic skill increases to level 8!
You start resting.
Magic restored.
m - a smoky coppery potion
Things that are here:
a +2 rapier of draining; a +0 leather armour You start resting.
Ijyb the Twisted Goblin comes into view.
She is wielding a +3 club, wearing a +0 ring mail of cold resistance and carrying a wand of acid (7).
n - a +2 rapier of draining The zap hits Ijyb.
Ijyb is lightly wounded.
Ijyb shouts!
You hear a shout!
The zap hits Ijyb.
Ijyb is lightly wounded.
Ijyb zaps a wand.
The bolt of acid hits you!! The acid corrodes you!
You are splashed with acid!!
* * * LOW HITPOINT WARNING * * *
You are too injured to fight recklessly!
Unknown command.
As you read the scroll of teleportation, it crumbles to dust.
You feel strangely unstable.
Ijyb zaps a wand.
The bolt of acid hits you!!
Ouch! That really hurt!
You die...

.?# ..# ..# ##..###..
#.g....# .## #.# #(#
..# #.# #.# #.# #.# #.#
#.# #@# #.# #.# #.. #.#
#.# #.# .. #.# #.# #.#
#..##)# #.###.# #...#.#
##.....# #.#.#.#
.......#####.#.#.#
#####............####.#
##.#.......#.........#


You could see Ijyb.

Vanquished Creatures
  Grinder (D:4)
  Eustachio (D:5)
  Menkaure (D:5)
  Duvessa (D:4)
  An orc warrior (D:4)
  A black bear (D:5)
  2 ogres (D:5)
  Blork the orc (D:4)
  Dowan (D:4)
  A jelly (D:5)
  2 hounds (D:4)
  Jessica (D:2)
  A gnoll shaman (D:3)
  Terence (D:2)
  3 orc wizards (D:4)
  A hound zombie (D:5)
  A howler monkey zombie (D:5)
  Robin (D:2)
  4 gnolls
  4 adders (D:3)
  An ufetubus (D:5)
  A worm (D:3)
  2 dart slugs
  5 orcs
  10 ball pythons
  7 endoplasms
  6 giant cockroaches
  10 goblins
  11 hobgoblins
  7 jackals
  3 quokkas
  3 bats
  5 frilled lizards
  7 kobolds
  3 rats
111 creatures vanquished.

Notes
Turn   | Place    | Note
-------+----------+-------------------------------------------
     0 | D:1      | Rohain the Tengu Air Elementalist began the quest for the
                  | Orb.
     0 | D:1      | Reached XP level 1. HP: 10/10 MP: 4/4
   207 | D:1      | Reached XP level 2. HP: 13/15 MP: 1/6
   858 | D:1      | Found Udonos's Weapon Shoppe.
   863 | D:1      | Reached XP level 3. HP: 19/19 MP: 4/7
  1358 | D:1      | Found a faded altar of an unknown god.
  1416 | D:2      | Noticed Jessica
  1419 | D:2      | Killed Jessica
  1420 | D:2      | Reached XP level 4. HP: 24/24 MP: 4/8
  1981 | D:2      | Noticed Robin
  2016 | D:2      | Killed Robin
  2601 | D:2      | Noticed Terence
  2633 | D:2      | Killed Terence
  2634 | D:2      | Reached skill level 5 in Air Magic
  2634 | D:2      | Gained mutation: Your magical nature lets you fly swiftly
                  | and evasively. [Tengu growth]
  2634 | D:2      | Reached XP level 5. HP: 12/28 MP: 5/10
  3659 | D:3      | Reached XP level 6. HP: 32/32 MP: 9/11
  4129 | D:3      | Found a runed translucent door.
  4130 | D:3      | Noticed Crazy Yiuf
  4288 | D:3      | Learned a level 2 spell: Static Discharge
  4450 | D:4      | Noticed Grinder
  4743 | D:4      | Noticed Dowan
  4745 | D:4      | Noticed Duvessa
  4748 | D:4      | Killed Dowan
  4777 | D:4      | Killed Duvessa
  4778 | D:4      | Reached skill level 6 in Air Magic
  5047 | D:4      | Noticed Blork the orc
  5056 | D:4      | Killed Blork the orc
  5057 | D:4      | Reached XP level 7. HP: 23/36 MP: 8/13
  5353 | D:4      | Killed Grinder
  5354 | D:4      | Reached skill level 5 in Conjurations
  5380 | D:4      | Reached skill level 5 in Dodging
  5382 | D:4      | Reached XP level 8. HP: 25/41 MP: 7/15
  5388 | D:4      | Reached skill level 7 in Air Magic
  5872 | D:5      | Entered Level 5 of the Dungeon
  6106 | D:5      | Noticed Menkaure
  6119 | D:5      | Killed Menkaure
  6300 | D:5      | Noticed Eustachio
  6311 | D:5      | Reached skill level 5 in Spellcasting
  6329 | D:5      | Killed Eustachio
  6330 | D:5      | Reached skill level 8 in Air Magic
  6468 | D:5      | Noticed Ijyb
  6472 | D:5      | Killed from afar by Ijyb

Illustrated notes

Levels and vault maps discovered:
D:1:      dpeg_arrival_pond, layout_basic, serial_shops, nicolae_square_shop,
          ebering_ecumenical_altar_webs, minmay_misc_feat_square,
          chequers_serial_rivers_marsh
D:2:      layout_basic, uniq_robin, uniq_jessica, uniq_terence
D:3:      layout_basic, uniq_crazy_yiuf_cottage
D:4:      layout_basic, uniq_duvessa, uniq_blork_the_orc, uniq_grinder
D:5:      layout_loops_ring, minmay_misc_feat_plants, grunt_ministairs_3,
          uniq_eustachio, uniq_menkaure, uniq_ijyb

Skill      XL: |  1  2  3  4  5  6  7  8 |
---------------+-------------------------+-----
Conjurations   | 2 3 4 5 7 |  7.0
Dodging        | 3 4 5 6 |  6.2
Air Magic      | 5 6 8 |  8.0
Spellcasting   | 3 4 5 |  5.2
Stealth        | |  2.0

Action                   |  1- 3 |  4- 6 |  7- 9 || total
-------------------------+-------+-------+-------++-------
Melee: Unarmed           |    22 |       |       ||    22
       Peck              |     4 |     1 |     2 ||     7
       Kick              |     5 |     3 |     1 ||     9
       Short sword       |       |    11 |     5 ||    16
 Cast: Shock             |    48 |   132 |    69 ||   249
       Static Discharge  |       |     1 |     5 ||     6
  Use: Scroll            |       |     7 |     4 ||    11
Armor: Robe              |     7 |     3 |     3 ||    13
Dodge: Dodged            |     9 |    27 |    14 ||    50

Table legend: (Time is in decaauts)
 A = Elapsed time spent in this place.
 B = Non-inter-level travel time spent in this place.
 C = Inter-level travel time spent in this place.
 D = Time resting spent in this place.
 E = Time spent auto-exploring this place.
 F = Levels seen in this place.
 G = Mean time per level.
                   A        B        C        D        E       F      G
               +--------+--------+--------+--------+--------+-----+--------+
         Total |   6275 |   6130 |    145 |   1171 |   4273 |   5 | 1255.0 |
       Dungeon |   6275 |   6130 |    145 |   1171 |   4273 |   5 | 1255.0 |
               +--------+--------+--------+--------+--------+-----+--------+

Top non-repeatable levels by time:
     D:2: 1644 daAuts
     D:1: 1415 daAuts
     D:3: 1369 daAuts
     D:4: 1269 daAuts
     D:5: 576 daAuts
